 Dungeon Crawl Stone Soup version 0.20.1-1-g8b1a95d (webtiles) character file.

358 tidbits the Insei (level 6, -1/46 HPs)
             Began as a Demigod Transmuter on Aug 24, 2017.
             Slain by bosm's ghost (7 damage)
             ... on level 5 of the Dungeon.
             The game lasted 00:17:23 (1426 turns).

tidbits the Insei (Demigod Transmuter)              Turns: 1426, Time: 00:17:24

Health: -1/46      AC:  2    Str: 11 (13) XL:     6   Next: 14%
Magic:  3/12       EV: 19    Int: 21      God:
Gold:   145        SH:  0    Dex: 19 (21) Spells: 3/9 levels left

rFire    + . .     SeeInvis .     - Unarmed
rCold    . . .     Gourm    .   (shield currently unavailable)
rNeg     . . .     Faith    .   (armour currently unavailable)
rPois    x         Spirit   .   (helmet currently unavailable)
rElec    .         Reflect  .   (cloak currently unavailable)
rCorr    .         Harm     .   (gloves currently unavailable)
MR       .....                  (boots currently unavailable)
Stlth    ++........             (no amulet)
Regen    0.2/turn               e - ring of protection from fire
MPRegen  0.2/turn               (no ring)

@: lethally poisoned (-1 -> -24), spider-form (expiring), flying, very slightly
contaminated, hasted, very quick
A: high mp 1
a: End Transformation


You were on level 5 of the Dungeon.
You were hungry.
You were a venomous arachnid creature.
You visited 1 branch of the dungeon, and saw 5 of its levels.

You collected 145 gold pieces.

Inventory:

Hand Weapons
 a - a +2 spear of chaos (melded)
   (You took it off an orc on level 2 of the Dungeon)
 c - a +0 hunting sling
 j - a +1 whip of flaming
   (You found it on level 5 of the Dungeon)
 p - a +0 short sword
 w - a cursed -3 hunting sling
Missiles
 g - 37 stones (quivered)
 n - 3 arrows
 q - 16 sling bullets
Armour
 m - a +0 buckler
 B - a +0 robe (melded)
 C - a +0 helmet
Jewellery
 e - a ring of protection from fire (left front leg)
   (You found it on level 5 of the Dungeon)
Scrolls
 h - a scroll of fog {unknown}
 r - 2 scrolls of remove curse
 t - a scroll of amnesia {unknown}
 y - 2 scrolls of random uselessness {unknown}
 A - a scroll of teleportation
Potions
 f - 2 potions of magic
Books
 b - a book of Changes

   Spells                             Type                      Level
   a - Beastly Appendage              Transmutation                1
   b - Sticks to Snakes               Transmutation                2
   c - Spider Form                    Transmutation/Poison         3
   d - Ice Form                       Ice/Transmutation            4
   e - Blade Hands                    Transmutation                5
Comestibles
 d - 3 bread rations
 l - 2 meat rations


   Skills:
 - Level 0.8 Fighting
 - Level 1.7 Dodging
 + Level 5.8 Unarmed Combat
 - Level 2.0 Spellcasting
 + Level 3.2 Transmutations


You had 3 spell levels left.
You knew the following spells:

 Your Spells              Type           Power        Failure   Level  Hunger
e - Beastly Appendage     Tmut           ###...       12%         1    #......
k - Sticks to Snakes      Tmut           ###.....     17%         2    ##.....
p - Spider Form           Tmut/Pois      #.........   43%         3    ###....


Dungeon Overview and Level Annotations

Branches:
Dungeon (5/15)
 Temple: D:4-7

Annotations:
D:5 bosm's ghost, novice NaVM


Innate Abilities, Weirdness & Mutations

You have an increased reservoir of magic. (+10% MP)


Message History

Items here: % )) [[ †
Things that are here:
a club; a ring mail
Items here: % )) [[ †
Okay, then.
Things that are here:
a hand axe; a leather armour An orc comes into view.
It is wielding a hand axe.
The orc shouts!
Attack whom?
Press: ? - help, Dir - move target cursor, f - orc
Aim: an orc, wielding a hand axe You reach to attack!
You hit the orc. You burn the orc.
The orc is heavily wounded.
You hit the orc.
You feel better.
You kill the orc!
Bosm's ghost turns its malevolent gaze towards you.
It was a potion of haste.
You feel yourself speed up.
It was a potion of flight.
You feel very buoyant.
You fly up into the air.
Casting: Spider Form
Confirm with . or Enter, or press ? or * to list all spells.
You create a snake!
You now have 4 arrows.
Casting: Sticks to Snakes
Confirm with . or Enter, or press ? or * to list all spells.
You create a snake!
You now have 3 arrows.
Casting: Sticks to Snakes
Confirm with . or Enter, or press ? or * to list all spells.
You miscast Spider Form.
You are very lightly contaminated with residual magic.
The air around you crackles with energy!
Casting: Spider Form
Confirm with . or Enter, or press ? or * to list all spells.
You turn into a venomous arachnid creature.
Your +2 spear of chaos melds into your body.
Your +0 robe melds into your body.
You swap places.
Bosm's ghost mumbles some strange words.
Bosm's ghost begins to radiate toxic energy.
You swap places.
Your adder is poisoned.
You swap places.
You are poisoned.
You feel sick.
Your transformation is almost over.
You are more poisoned.
Your adder looks even sicker.
Bosm's ghost hits your adder!
Your adder dies!
You feel sick.
You are more poisoned.
Your ball python is poisoned.
Bosm's ghost closely misses you.
You hit bosm's ghost.
Bosm's ghost is lightly damaged.
You feel sick.
You bite bosm's ghost!
Bosm's ghost is moderately damaged.
You feel sick.
You are more poisoned.
Your ball python dies!
Bosm's ghost's toxic aura wanes.
Bosm's ghost completely misses you.
You hit bosm's ghost.
Bosm's ghost is moderately damaged.
You feel sick.
Bosm's ghost hits you but does no damage.
You hit bosm's ghost.
Bosm's ghost is moderately damaged.
You feel sick.
You hit bosm's ghost but do no damage.
Bosm's ghost is moderately damaged.
Bosm's ghost hits you.
* * * LOW HITPOINT WARNING * * *
Okay, then.
You hit bosm's ghost but do no damage.
Bosm's ghost is moderately damaged.
You feel sick.
You bite bosm's ghost!
Bosm's ghost is heavily damaged.
You feel sick. Bosm's ghost hits you.
* * * LOW HITPOINT WARNING * * *
You completely miss bosm's ghost.
Bosm's ghost is heavily damaged.
* * * LOW HITPOINT WARNING * * *
You feel sick. Bosm's ghost casts a spell at you. The sting hits you!
You are more poisoned.
* * * LOW HITPOINT WARNING * * *
You are feeling hungry.
You hit bosm's ghost.
Bosm's ghost is heavily damaged.
* * * LOW HITPOINT WARNING * * *
You feel sick.
You bite bosm's ghost!
Bosm's ghost is severely damaged.
* * * LOW HITPOINT WARNING * * *
You feel sick. Bosm's ghost hits you!
You die...

#.###.[......(##..)#.# #.#
###.......##.#.#.#
####.########.#####.#.#.#
#.......# #.# #.....#
#.##.##.# #.# ###.###
#.##.##.#####.#### #.#
#.##....##.......# #.#
#######.####.........#.####.#
......#....##.##s##.###.....#
.####.........##W##..#.######
## ####...#####.#.....# #
##..# #.#...#.# ##.# #.......#
#.# ###...### #. #.#
#...#######.# ### ####W####
#..... ....... .
..#####.......####..W####..#..
.


You could see bosm's ghost.

Vanquished Creatures
  A phantom (D:5)
  A scorpion (D:4)
  An orc priest (D:5)
  An orc wizard (D:5)
  A bullfrog skeleton (D:4)
  Jessica (D:3)
  3 adders
  4 oozes
  An adder zombie (D:5)
  2 dart slugs (D:1)
  2 leopard geckos (D:1)
  10 orcs
  A bat (D:3)
  4 giant cockroaches
  4 goblins (D:1)
  2 hobgoblins
  7 jackals
  2 quokkas (D:5)
  2 frilled lizards
  3 kobolds
  A rat (D:1)
54 creatures vanquished.

Vanquished Creatures (collateral kills)
  An adder (D:3)
1 creature vanquished.

Grand Total: 55 creatures vanquished

Notes
Turn   | Place    | Note
-------+----------+-------------------------------------------
     0 | D:1      | tidbits the Demigod Transmuter began the quest for the Orb.
     0 | D:1      | Reached XP level 1. HP: 15/15 MP: 5/5
     9 | D:1      | Reached skill level 2 in Spellcasting
     9 | D:1      | Reached skill level 2 in Transmutations
    31 | D:1      | Reached XP level 2. HP: 15/22 MP: 5/7
    33 | D:1      | Reached skill level 3 in Unarmed Combat
    43 | D:1      | Learned a level 2 spell: Sticks to Snakes
   183 | D:2      | Found a shimmering altar of Xom.
   321 | D:1      | Reached XP level 3. HP: 18/27 MP: 8/8
   406 | D:1      | Learned a level 3 spell: Spider Form
   418 | D:3      | Noticed Jessica
   423 | D:3      | Killed Jessica
   423 | D:3      | Reached skill level 4 in Unarmed Combat
   617 | D:3      | Reached XP level 4. HP: 33/34 MP: 1/9
   648 | D:4      | Reached skill level 5 in Unarmed Combat
   702 | D:2      | Reached XP level 5. HP: 29/39 MP: 2/10
   984 | D:3      | Found a bloodstained altar of Trog.
  1044 | D:5      | Entered Level 5 of the Dungeon
  1103 | D:5      | Noticed bosm's ghost (novice NaVM)
  1118 | D:5      | HP: 2/39 [bosm's ghost (8)]
  1166 | D:5      | Noticed a phantom
  1281 | D:5      | Killed a phantom
  1297 | D:5      | HP: 3/39 [orc wizard/magic dart (8)]
  1315 | D:5      | Reached skill level 3 in Transmutations
  1315 | D:5      | Reached XP level 6. HP: 31/46 MP: 4/12
  1426 | D:5      | Slain by bosm's ghost

Skill      XL: |  1  2  3  4  5 |
---------------+----------------+-----
Spellcasting   | 2 |  2.0
Transmutations | 2 3 |  3.2
Unarmed Combat | 3 4 5 |  5.8
Fighting       | |  0.8
Dodging        | |  1.7

Action                   |  1- 3 |  4- 6 || total
-------------------------+-------+-------++-------
Melee: Unarmed           |    35 |    53 ||    88
       Kick              |     8 |       ||     8
       Headbutt          |     2 |       ||     2
       Spear             |     6 |    58 ||    64
       Punch             |       |     2 ||     2
 Fire: Hunting sling     |    28 |       ||    28
Throw: Stone             |     1 |       ||     1
 Cast: Beastly Appendage |     7 |       ||     7
       Spider Form       |     4 |    11 ||    15
       Sticks to Snakes  |     1 |     8 ||     9
  Use: Potion            |       |     8 ||     8
       Scroll            |       |     4 ||     4
 Stab: Sleeping          |     1 |     1 ||     2
  Eat: Fruit             |       |     2 ||     2
       Royal jelly       |       |     1 ||     1
       Chunk             |       |     1 ||     1
Armor: Robe              |     7 |     5 ||    12
       Skin              |       |     2 ||     2
Dodge: Dodged            |    20 |    65 ||    85

Table legend:
 A = Turns spent in this place as a percentage of turns spent in the entire game.
 B = Non-inter-level travel turns spent in this place as a percentage of non-inter-level travel turns spent in the entire game.
 C = Inter-level travel turns spent in this place as a percentage of turns spent in this place.
 D = Turns resting spent in this place as a percentage of non-inter-level travel turns spent in this place.
 E = Turns spent auto-exploring this place as a percentage of non-inter-level travel turns spent in this place.
 F = Non-inter-level travel turns spent in this place divided by the number of levels of this place that you've seen.
                   A       B       C       D       E      F
               +-------+-------+-------+-------+-------+----------------------
         Total | 100.0 | 100.0 |   0.0 |   0.0 |   0.0 | 286.8
       Dungeon | 100.0 | 100.0 |   0.0 |   0.0 |   0.0 | 286.8
               +-------+-------+-------+-------+-------+----------------------

Table legend:
 A = Kills in this place as a percentage of kills in entire the game.
 B = Kills by you in this place as a percentage of kills by you in the entire game.
 C = Kills by friends in this place as a percentage of kills by friends in the entire game.
 D = Other kills in this place as a percentage of other kills in the entire game.
 E = Experience gained in this place as a percentage of experience gained in the entire game.
 F = Experience gained in this place divided by the number of levels of this place that you have seen.
                   A       B       C       D       E      F
               +-------+-------+-------+-------+-------+----------------------
         Total | 100.0 | 100.0 | 100.0 |  -nan | 100.0 | 102.4
       Dungeon | 100.0 | 100.0 | 100.0 |  -nan | 100.0 | 102.4
               +-------+-------+-------+-------+-------+----------------------

Vault maps used:
D:1:      onia_arrival_handbag
D:2:      tgw_xom
D:3:      first_bread, bloody_trog, uniq_jessica
D:4:      uniq_ijyb
